 Dungeon Crawl Stone Soup version 0.17-a0-1951-g62301d3 (webtiles) character file.

79 Ijustatesigmund the Skirmisher (level 4, -2/29 HPs)
             Began as a Gargoyle Fighter on Oct 2, 2015.
             Slain by an iron imp (7 damage)
             ... summoned by Natasha
             ... on level 2 of the Dungeon.
             The game lasted 00:03:53 (1439 turns).

Ijustatesigmund the Skirmisher (Gargoyle Fighter)   Turns: 1439, Time: 00:03:53

Health: -2/29      AC: 11    Str: 20    XL:     4   Next: 37%
Magic:  4/4        EV:  8    Int:  8    God:
Gold:   55         SH:  9    Dex: 10    Spells: 0 memorised, 3 levels left

rFire  . . .     SeeInvis .     a - +0 flail
rCold  + . .     Clarity  .     j - +2 ring mail {rC+}
rNeg   + . .     SustAt   .     c - +0 shield
rPois  ∞         Gourm    .     (no helmet)
rElec  +         Spirit   .     (no cloak)
rCorr  .         Warding  .     (no gloves)
rMut   .         Stasis   .     (no boots)
MR     .....                    (no amulet)
Stlth  ..........               (no ring)
                                (no ring)

@: not resistant to hostile enchantments, extremely unstealthy
A: negative energy resistance 1, electricity resistance, unbreathing,
petrification resistance, rot immunity, AC +3
a: no special abilities


You were on level 2 of the Dungeon.
You were hungry.

You visited 1 branch of the dungeon, and saw 2 of its levels.

You collected 55 gold pieces.

Inventory:

Hand weapons
 a - a +0 flail (weapon)
Armour
 b - a +0 scale mail
 c - a +0 shield (worn)
 j - a +2 ring mail of cold resistance (worn)
Potions
 d - 2 potions of might
 f - a potion of lignification {unknown}
 h - a potion of curing
Comestibles
 e - 2 bread rations
 g - 3 fruits
 i - a beef jerky


   Skills:
 + Level 4.1 Fighting
 * Level 3.8 Maces & Flails
 - Level 3.2 Armour
 - Level 3.2 Shields


You had 3 spell levels left.
You didn't know any spells.

Dungeon Overview and Level Annotations

Branches:
Dungeon (2/15)

Altars:

Annotations:
D:2 Natasha, Sigmund


Innate Abilities, Weirdness & Mutations

You are resistant to torment.
Your stone body is resilient (AC +3).
You are immune to poison.
You resist negative energy.
You are resistant to electric shocks.
You can survive without breathing.
You are immune to petrification.
You are immune to rotting.


Message History

You are too injured to fight recklessly!
You are too injured to fight recklessly!
You are too injured to fight recklessly!
You are too injured to fight recklessly!
You are too injured to fight recklessly!
You are too injured to fight recklessly!
You are too injured to fight recklessly!
You are too injured to fight recklessly!
You are too injured to fight recklessly!
You are too injured to fight recklessly!
Drink which item? (? for menu, Esc to quit)
It was a potion of curing.
You feel better.
Natasha casts a spell.
The iron imp hits you.
* * * LOW HITPOINT WARNING * * *
You barely miss Natasha.
Natasha zaps a wand.
The puff of frost hits you! You resist.
* * * LOW HITPOINT WARNING * * *
The iron imp hits you!
You die...

#########.........
#.......'.........
#.#######.........
#.# ########## #.#
#.# #§# #5# #@#
#h# #5# #5# #.#
#.# ... ###


You could see an iron imp, Natasha, a crimson imp and a white imp.

Vanquished Creatures
  Natasha (D:2)
  An adder (D:2)
  An ooze (D:1)
  A worm (D:2)
  A giant gecko (D:1)
  4 bats (D:1)
  3 giant cockroaches (D:1)
  4 hobgoblins (D:1)
  2 kobolds (D:1)
  A quokka (D:2)
  5 giant newts
  7 goblins
  5 rats (D:1)
36 creatures vanquished.

Notes
Turn   | Place    | Note
--------------------------------------------------------------
     0 | D:1      | Ijustatesigmund the Gargoyle Fighter began the quest for the Orb.
     0 | D:1      | Reached XP level 1. HP: 14/14 MP: 1/1
    27 | D:1      | Reached XP level 2. HP: 14/19 MP: 2/2
   600 | D:1      | Reached XP level 3. HP: 20/24 MP: 3/3
   962 | D:2      | Reached skill level 4 in Fighting
   974 | D:2      | Noticed Natasha
   985 | D:2      | Killed Natasha
   985 | D:2      | Reached XP level 4. HP: 13/29 MP: 4/4
  1175 | D:2      | Noticed Sigmund
  1428 | D:2      | Noticed Natasha
  1439 | D:2      | Slain by an iron imp

Vault maps used:
D:1:      dpeg_arrival_pits, minmay_misc_feat_roman
D:2:      nicolae_overflow_hidden_temple, uniq_natasha, uniq_sigmund

Action                   |  1- 3 |  4- 6 || total
-------------------------+-------+-------++-------
Melee: Flail             |   118 |    12 ||   130
  Use: Scroll            |     1 |     1 ||     2
       Potion            |       |     1 ||     1
  Eat: Chunk             |       |     1 ||     1
